 Dungeon Crawl Stone Soup version 0.22-b1-26-g9dbaab1 (webtiles) character file.

25 Lilu the Vexing (level 2, -2/16 HPs)
             Began as a Deep Elf Arcane Marksman on Aug 8, 2018.
             Slain by a gnoll
             ... wielding a +0 whip
              (4 damage)
             ... on level 2 of the Dungeon.
             The game lasted 00:02:49 (1131 turns).

Lilu the Vexing (Deep Elf Arcane Marksman)          Turns: 1131, Time: 00:02:50

Health: -2/16      AC:  2    Str:  7    XL:     2   Next: 82%
Magic:  6/6        EV: 13    Int: 17    God:
Gold:   36         SH:  0    Dex: 15    Spells: 3/4 levels left

rFire    . . .     SeeInvis .   a - +0 shortbow
rCold    . . .     Gourm    .   (shield currently unavailable)
rNeg     . . .     Faith    .   e - +0 robe
rPois    .         Spirit   .   (no helmet)
rElec    .         Reflect  .   (no cloak)
rCorr    .         Harm     .   (no gloves)
MR       .....                  (no boots)
Stlth    +.........             c - amulet of rage
HPRegen  0.05/turn              (no ring)
MPRegen  0.10/turn              (no ring)

@: no status effects
A: no striking features
a: Evoke Berserk Rage


You were on level 2 of the Dungeon.
You were not hungry.

You visited 1 branch of the dungeon, and saw 2 of its levels.

You collected 36 gold pieces.

Inventory:

Hand Weapons
 a - a +0 shortbow (weapon)
 b - a cursed +0 spear
Missiles
 d - 29 arrows (quivered)
Armour
 e - a +0 robe (worn)
 o - a +0 leather armour
Jewellery
 c - an amulet of rage (around neck)
Scrolls
 g - a scroll of identify {unknown}
 h - 3 scrolls of fog {unknown}
 i - a scroll of blinking {unknown}
 m - a scroll of fear {unknown}
 n - a scroll of immolation {unknown}
Potions
 k - a potion of lignification {unknown}
 l - a potion of flight {unknown}
Comestibles
 f - 3 rations
 j - 2 chunks of flesh


   Skills:
 - Level 0.7 Fighting
 + Level 3.8 Bows
 - Level 2.4 Dodging
 - Level 1.5 Spellcasting
 - Level 4.0 Hexes


You had 3 spell levels left.
You knew the following spells:

 Your Spells              Type           Power        Failure   Level  Hunger
a - Corona                Hex            ##.....      4%          1    ##.....

Your spell library contained the following spells:

 Spells                   Type           Power        Failure   Level  Hunger
 Cause Fear               Hex            ##........   36%         4    #####..
 Slow                     Hex            ##......     6%          2    ###....
 Portal Projectile        Hex/Tloc       #.....       26%         3    ####...
 Leda's Liquefaction      Hex/Erth       #.........   65%         4    #####..
 Inner Flame              Hex/Fire       #.......     26%         3    ####...


Dungeon Overview and Level Annotations

Branches:
Dungeon (2/15)

Altars:


Message History

The gnoll closely misses you.
Firing (i - inventory)
d - 31 arrows (quivered)
Press: ? - help, Shift-Dir - straight line, f/p - gnoll
Aim: a gnoll, wielding a whip (heavily wounded, softly glowing)
You shoot an arrow. The arrow hits the gnoll.
The gnoll is heavily wounded.
The gnoll stops glowing.
The gnoll barely misses you.
Firing (i - inventory)
d - 30 arrows (quivered)
Press: ? - help, Shift-Dir - straight line, f/p - gnoll
Aim: a gnoll, wielding a whip (heavily wounded)
You shoot an arrow. The arrow closely misses the gnoll.
The gnoll hits you with a whip!
Ouch! That really hurt!
* * * LOW HITPOINT WARNING * * *
Casting: Corona (safe; 4% risk of failure)
Confirm with . or Enter, or press ? or * to list all spells.
Okay, then.
Some of the chunks of flesh in your inventory have rotted away.
The gnoll hits you with a whip.
You die...

#.####...##.#
##.....#
#.##...#.##.# #######
#.#..###.##.# #...##
.##.#.# ##..##
.>#...# ###..### ##..
..# #......# #..# #.#
## #.####.# #..###.#
.## #.# #.# #.@g.#.#
..###.# #.# #.##...#
#.....#
#.####.###..###
##..######..##..#
##...#
..........#.##.##
##..####
##..#####.#.....#
#.....# ....#
#...#.#.#####.###.##
....#
###................##
....#
#...#####.........#


You could see a gnoll.

Vanquished Creatures
  2 dart slugs (D:1)
  A leopard gecko (D:1)
  An orc (D:2)
  3 bats
  2 giant cockroaches
  A hobgoblin (D:1)
  3 jackals (D:2)
  A frilled lizard (D:1)
  2 kobolds
  2 rats
18 creatures vanquished.

Notes
Turn   | Place    | Note
-------+----------+-------------------------------------------
     0 | D:1      | Lilu the Deep Elf Arcane Marksman began the quest for the Orb.
     0 | D:1      | Reached XP level 1. HP: 11/11 MP: 5/5
   490 | D:1      | Reached XP level 2. HP: 16/16 MP: 2/6
  1131 | D:2      | Slain by a gnoll

Skill      XL: |  1 |
---------------+----+-----
Bows           | 3 |  3.8
Fighting       | |  0.7
Dodging        | |  2.4
Spellcasting   | |  1.5
Hexes          | |  4.0

Action                   || total
-------------------------++-------
 Fire: Shortbow          ||    59
 Cast: Corona            ||    20
  Eat: Chunk             ||     1
Armor: Robe              ||     4
Dodge: Dodged            ||    22
